 Dungeon Crawl Stone Soup version 0.21.1-1-g345015fe64 (webtiles) character file.

1115 Jens78 the Shield-Bearer (level 8, 0/70 HPs)
             Began as a Minotaur Fighter on June 8, 2018.
             Was an Initiate of the Shining One.
             Slain by a sky beast (1 damage)
             ... on level 5 of the Dungeon.
             The game lasted 00:26:41 (4091 turns).

Jens78 the Shield-Bearer (Minotaur Fighter)         Turns: 4091, Time: 00:26:42

Health: 0/70       AC: 11    Str: 27    XL:     8   Next: 12%
Magic:  7/7        EV:  7    Int:  5    God:    the Shining One [......]
Gold:   445        SH: 11    Dex:  9    Spells: 7/7 levels left

rFire    . . .     SeeInvis .   r - +2 short sword (holy)
rCold    . . .     Gourm    .   c - +0 shield
rNeg     . . .     Faith    .   B - +0 chain mail
rPois    .         Spirit   .   (helmet restricted)
rElec    .         Reflect  .   q - +0 cloak
rCorr    .         Harm     .   (no gloves)
MR       .....                  (no boots)
Stlth    ..........             (no amulet)
HPRegen  0.21/turn              m - ring of flight
MPRegen  0.10/turn              J - +3 ring of strength

@: lethally poisoned (0 -> -1), glowing
A: retaliatory headbutt, horns 2
a: Renounce Religion, Evoke Flight


You were on level 5 of the Dungeon.
You worshipped the Shining One.
The Shining One was noncommittal.
You were hungry.

You visited 1 branch of the dungeon, and saw 5 of its levels.

You collected 445 gold pieces.

Inventory:

Hand Weapons
 a - a +0 long sword
 r - a +2 short sword of holy wrath (weapon)
 w - a +0 hunting sling
 D - a +0 dagger of venom
 E - a +0 hunting sling
 F - a +0 hunting sling
Missiles
 i - 311 stones (quivered)
 j - 62 sling bullets
 k - 84 arrows
 t - 26 bolts
 v - 8 needles of paralysis
Armour
 c - a +0 shield (worn)
 q - a +0 cloak (worn)
 x - a +1 leather armour of fire resistance
 B - a +0 chain mail (worn)
Jewellery
 m - a ring of flight (left hand)
 s - an uncursed ring of protection from fire {unknown}
 J - a +3 ring of strength (right hand)
Wands
 y - a wand of flame (28)
Scrolls
 e - 4 scrolls of teleportation {unknown}
 g - 3 scrolls of remove curse {unknown}
 n - 5 scrolls of identify
 o - a scroll of immolation {unknown}
 p - 2 scrolls of magic mapping {unknown}
 z - a scroll of fog {unknown}
 G - a scroll of enchant armour {unknown}
 I - 2 scrolls of amnesia {unknown}
Potions
 b - a potion of magic {unknown}
 d - 2 potions of might
 h - a potion of haste {unknown}
 l - 2 potions of ambrosia
 A - a potion of degeneration {unknown}
 C - 4 potions of curing
 H - a potion of heal wounds {unknown}
 K - 3 potions of brilliance {unknown}
Books
 L - a book of Ice

   Spells                             Type                      Level
   a - Ice Form                       Ice/Transmutation            4
   b - Metabolic Englaciation         Hexes/Ice                    5
   c - Ozocubu's Refrigeration        Ice                          6
   d - Bolt of Cold                   Conjuration/Ice              6
   e - Freezing Cloud                 Conjuration/Ice/Air          6
   f - Simulacrum                     Ice/Necromancy               6
Comestibles
 f - 5 rations
 u - 2 chunks of flesh


   Skills:
 + Level 5.7 Fighting
 * Level 5.5(6.2) Short Blades
 - Level 4.6(6.1) Long Blades
 + Level 5.6 Armour
 + Level 1.6 Dodging
 + Level 6.6 Shields


You had 7 spell levels left.
You didn't know any spells.

Dungeon Overview and Level Annotations

Branches:
Dungeon (5/15)
 Temple: D:4-7

Altars:
Cheibriados
Elyvilon
Ru
Sif Muna
Trog
Zin
The Shining One


Innate Abilities, Weirdness & Mutations

You reflexively headbutt those who attack you in melee.
You have a pair of horns on your head.


Message History

You headbutt Duvessa.
A sky beast appears from thin air!
Reactivating autopickup.
The sky beast completely misses you. You furiously retaliate!
You headbutt the sky beast. You block Duvessa's attack.
You closely miss Duvessa. You headbutt Duvessa.
Duvessa is almost dead.
The sky beast hits you but does no damage.
You block Duvessa's attack.
You hit Duvessa but do no damage.
You kill Duvessa!
You feel your dexterity returning. You block the sky beast's attack.
You puncture the sky beast! Your headbutt misses the sky beast.
The sky beast is moderately wounded.
You block the sky beast's attack.
You barely miss the sky beast.
The sky beast is moderately wounded.
* * * LOW HITPOINT WARNING * * *
You feel sick. The sky beast hits you.
You die...

##.####.......#....### #######
#.###.................
###.....####...#.......#......##.
#..............................#.
....##.......#.............#.....
...########.##.##................
..## ####.##..#........#.... #..#
#.##Y##..###........ #..#
#..@)..# #......... #..# #..#####
#........ #.## ....## #....#.#.
..# #....# . .#....... .## ###..
#. ##...#... ##. ##.. #........
#. ....##..#####. ##
#............ .##...........


You could see a sky beast.

Vanquished Creatures
  Sigmund (D:3)
  Eustachio (D:4)
  Duvessa (D:5)
  A phantom (D:4)
  A sky beast (D:5)
  A centaur (D:5)
  Dowan (D:5)
  A quasit (D:5)
  2 hounds
  Jessica (D:2)
  A worker ant (D:4)
  Ijyb (D:2)
  Robin (D:2)
  5 gnolls
  8 adders
  An ooze (D:3)
  3 adder zombies
  A worm (D:2)
  A dart slug (D:1)
  3 leopard geckos
  4 orcs
  A ball python (D:1)
  4 bats
  3 giant cockroaches
  20 goblins
  7 hobgoblins
  5 jackals
  3 quokkas
  4 frilled lizards
  7 kobolds
  6 rats
100 creatures vanquished.

Notes
Turn   | Place    | Note
-------+----------+-------------------------------------------
     0 | D:1      | Jens78 the Minotaur Fighter began the quest for the Orb.
     0 | D:1      | Reached XP level 1. HP: 19/19 MP: 0/0
   112 | D:2      | Reached XP level 2. HP: 26/27 MP: 1/1
   513 | D:1      | Reached XP level 3. HP: 24/33 MP: 2/2
   930 | D:3      | Reached skill level 4 in Shields
   931 | D:3      | Noticed Sigmund
   940 | D:3      | Killed Sigmund
   940 | D:3      | Reached XP level 4. HP: 25/41 MP: 3/3
   940 | D:3      | Reached XP level 5. HP: 29/47 MP: 4/4
  1067 | D:2      | Reached skill level 5 in Shields
  1085 | D:2      | Noticed Robin
  1095 | D:2      | Noticed Jessica
  1104 | D:2      | Killed Robin
  1165 | D:2      | Found a sacrificial altar of Ru.
  1181 | D:2      | Killed Jessica
  1188 | D:2      | Noticed Ijyb
  1200 | D:2      | Reached XP level 6. HP: 51/55 MP: 5/5
  1212 | D:2      | Killed Ijyb
  1212 | D:2      | Reached skill level 5 in Fighting
  1352 | D:2      | Found a deep blue altar of Sif Muna.
  1353 | D:2      | Found a bloodstained altar of Trog.
  2120 | D:3      | Found a snail-covered altar of Cheibriados.
  2349 | D:3      | Reached skill level 5 in Armour
  2356 | D:3      | Reached skill level 1 in Dodging
  2361 | D:3      | Reached skill level 1 in Short Blades
  2875 | D:5      | Entered Level 5 of the Dungeon
  2907 | D:4      | Reached XP level 7. HP: 40/61 MP: 6/6
  3139 | D:4      | Reached skill level 6 in Shields
  3380 | D:4      | Found a glowing silver altar of Zin.
  3381 | D:4      | Found a glowing golden altar of the Shining One.
  3382 | D:4      | Found a white marble altar of Elyvilon.
  3400 | D:4      | Became a worshipper of the Shining One
  3447 | D:4      | Noticed Eustachio
  3457 | D:4      | Killed Eustachio
  4013 | D:5      | Found a bloodstained altar of Trog.
  4057 | D:5      | Noticed Dowan
  4062 | D:5      | Noticed Duvessa
  4063 | D:5      | Killed Dowan
  4063 | D:5      | Reached skill level 5 in Short Blades
  4071 | D:5      | Reached XP level 8. HP: 58/70 MP: 7/7
  4083 | D:5      | The Shining One protects you from harm!
  4086 | D:5      | HP: 2/70 [something (6)]
  4089 | D:5      | Killed Duvessa
  4091 | D:5      | HP: 1/70 [poisoned by Dowan]
  4091 | D:5      | Slain by a sky beast

Skill      XL: |  1  2  3  4  5  6  7 |
---------------+----------------------+-----
Fighting       | 4 5 |  5.7
Armour         | 4 5 |  5.6
Long Blades    | 4 |  4.6
Shields        | 4 5 6 |  6.6
Dodging        | 1 |  1.6
Short Blades   | 2 5 |  5.5

Action                   |  1- 3 |  4- 6 |  7- 9 || total
-------------------------+-------+-------+-------++-------
Melee: Long sword        |    64 |    74 |       ||   138
       Headbutt          |     9 |    31 |    17 ||    57
       Short sword       |       |   111 |    84 ||   195
Throw: Stone             |     1 |       |       ||     1
  Use: Scroll            |       |     1 |     4 ||     5
  Eat: Chunk             |       |     7 |     3 ||    10
Armor: Scale mail        |    21 |    33 |       ||    54
       Chain mail        |       |    51 |    56 ||   107
Dodge: Dodged            |    18 |    42 |    23 ||    83
Block: Shield            |    34 |   102 |    58 ||   194
       Rpst.: Long sword |     3 |     5 |       ||     8
